 Dungeon Crawl Stone Soup version 0.29-a0-559-g359e09b9d1 (webtiles) character file.

Game seed: 12378112979962702106

2400 Lantern the Fighter (level 9, 0/61 HPs)
             Began as a Gargoyle Gladiator on June 9, 2022.
             Slain by a killer bee (4 damage)
             ... on level 6 of the Dungeon.
             The game lasted 00:14:04 (7036 turns).

Lantern the Fighter (Gargoyle Gladiator)            Turns: 7036, Time: 00:14:05

Health: 0/61       AC: 15    Str: 22    XL:     9   Next: 46%
Magic:  9/9        EV: 10    Int:  9    God:
Gold:   204        SH:  0    Dex: 11    Spells: 8/8 levels left

rFire   . . .      SeeInvis .   a - +0 quarterstaff
rCold   . . .      Faith    .   (shield currently unavailable)
rNeg    + . .      Spirit   .   m - +0 scale mail
rPois   ∞          Reflect  .   c - +0 helmet
rElec   +          Harm     .   q - +0 cloak
rCorr   .          Rampage  .   (no gloves)
Will    .....                   (no boots)
Stlth   ..........              (no amulet)
HPRegen 0.20/turn               (no ring)
MPRegen 0.11/turn               (no ring)

@: no status effects
A: sickness immunity, AC +6, negative energy resistance 1, electricity
resistance, torment resistance 1, petrification resistance
a: no special abilities


You were on level 6 of the Dungeon.
You visited 1 branch of the dungeon, and saw 7 of its levels.

You collected 204 gold pieces.

Inventory:

Hand Weapons
 a - a +0 quarterstaff (weapon)
 z - a +5 battleaxe
Missiles
 d - a throwing net
 e - a javelin
 y - 7 poisoned darts
Armour
 c - a +0 helmet (worn)
 m - a +0 scale mail (worn)
 q - a +0 cloak (worn)
Jewellery
 r - a ring of fire
Wands
 x - a wand of flame (3) (quivered)
Scrolls
 f - a scroll of fear {unknown}
 h - 5 scrolls of teleportation
 i - 2 scrolls of amnesia {unknown}
 j - 2 scrolls of torment {unknown}
 l - a scroll of enchant weapon {unknown}
 n - a scroll of poison {unknown}
 p - 2 scrolls of brand weapon {unknown}
 t - a scroll of noise {unknown}
 u - 4 scrolls of identify {unknown}
 v - 3 scrolls of magic mapping {unknown}
 B - a scroll of fog {unknown}
 F - a scroll of immolation {unknown}
Potions
 g - 2 potions of berserk rage
 k - 3 potions of might
 o - a potion of curing {unknown}
 s - a potion of ambrosia {unknown}
 w - 2 potions of lignification {unknown}
 A - 3 potions of heal wounds {unknown}
 C - a potion of haste {unknown}
 D - a potion of attraction {unknown}
 E - a potion of invisibility {unknown}


   Skills:
 + Level 9.6 Fighting
 + Level 2.5 Axes
 - Level 8.2 Staves
 - Level 1.7 Throwing
 - Level 4.0 Armour
 - Level 2.4 Dodging


You had 8 spell levels left.
You didn't know any spells.
Your spell library contained the following spells:

 Spells                   Type           Power      Damage    Failure   Level
 Apportation              Tloc           0%         N/A       71%         1
 Magic Dart               Conj           0%         1d3       71%         1
 Necrotize                Necr           0%         1d4       71%         1
 Summon Small Mammal      Summ           0%         N/A       71%         1
 Searing Ray              Conj           0%         2d4       83%         2
 Fulminant Prism          Conj/Hex       0%         3d6       100%        4
 Petrify                  Tmut/Erth      0%         N/A       100%        4
 Metabolic Englaciation   Hex/Ice        0%         N/A       100%        5
 Statue Form              Tmut/Erth      Unusable   N/A       N/A         6

Dungeon Overview and Level Annotations

Branches:
Dungeon (7/15)
 Temple: D:4-7

Altars:
Dithmenos
Fedhas
Gozag
Nemelex Xobeh
Trog
Vehumet
Wu Jian
Yredelemnul

Annotations:
D:7 Maggie


Innate Abilities, Weirdness & Mutations

You are immune to sickness and miasma.
Your stone body is resilient. (AC +6)
You are immune to poison.
You resist negative energy. (rN+)
You are resistant to electric shocks. (rElec)
You are resistant to unholy torment.
You are immune to petrification.


Message History

You cannot move away from Maggie!
Unknown command.
You cannot move away from Maggie!
It was a potion of berserk rage.
You are too mesmerised to rage.
The killer bee barely misses you.
The killer bee stings you but does no damage. x2
It was a potion of cancellation.
Your magical effects are unravelling.
You feel magically purged.
You break out of your daze.
The killer bee stings you but does no damage. x2
A hound comes into view.
The killer bee stings you but does no damage. x2
The hound barks!
The killer bee stings you.
* * * LOW HITPOINT WARNING * * *
The killer bee stings you but does no damage.
The killer bee barely misses you.
There is a stone staircase leading up here.
The killer bee closely misses you. x2; Maggie hits you but does no damage.
The killer bee stings you but does no damage.
The killer bee barely misses you.
You climb upwards.
There is a stone staircase leading down here.
The killer bee stings you but does no damage.
The killer bee completely misses you. The killer bee barely misses you.
The killer bee stings you but does no damage.
The killer bee stings you.
* * * LOW HITPOINT WARNING * * *
The killer bee attacks as you move away!
The killer bee stings you but does no damage.
The killer bee attacks as you move away!
The killer bee stings you but does no damage.
The killer bee attacks as you move away!
The killer bee stings you.
* * * LOW HITPOINT WARNING * * *
The killer bee stings you.
* * * LOW HITPOINT WARNING * * *
You barely miss the killer bee. The killer bee stings you.
You die...

#....... #.#.#.##
#############>#.#.##
#....##.......#.#...
#####.#...#.#######.###.
#.....#...#.##....#.....
###.#<...y>...##.##.#..##.
#.......#####.##.##.#.....
#.#....yy@.......##.......
#.###########.........#...
#..........########......#
##########.# ####.#.#...
#.# #....#..... #.#
#.####.##.. #.#
#..........
#.##########'#### #......#
#.......


You could see 2 killer bees.

Vanquished Creatures
  A two-headed ogre (D:4)
  Grinder (D:5)
  Duvessa (D:5)
  2 black bears
  3 ogres
  2 scorpions
  3 wights (D:5)
  Dowan (D:5)
  A killer bee (D:7)
  2 howler monkeys
  A jelly (D:4)
  3 orc priests
  3 hounds
  4 iguanas
  Natasha (twice) (D:2)
  2 orc wizards (D:4)
  7 adders
  8 gnolls
  2 ufetubi
  4 dart slugs
  7 orcs
  3 bats (D:2)
  4 endoplasms
  4 giant cockroaches
  5 goblins
  8 hobgoblins
  9 jackals
  3 quokkas
  7 ball pythons
  A frilled lizard (D:2)
  7 kobolds
  6 rats
117 creatures vanquished.

Notes
Turn   | Place    | Note
-------+----------+-------------------------------------------
     0 | D:1      | Lantern the Gargoyle Gladiator began the quest for the Orb.
     0 | D:1      | Reached XP level 1. HP: 12/12 MP: 1/1
    50 | D:1      | Reached XP level 2. HP: 18/18 MP: 2/2
   141 | D:1      | Reached skill level 1 in Armour
   582 | D:1      | Reached XP level 3. HP: 22/22 MP: 3/3
   617 | D:1      | Found a faded altar of an unknown god.
  1174 | D:2      | Noticed Natasha
  1187 | D:2      | Reached skill level 3 in Fighting
  1188 | D:2      | Killed Natasha
  1189 | D:2      | Reached XP level 4. HP: 8/28 MP: 4/4
  1666 | D:2      | Noticed a scorpion
  1677 | D:2      | Killed a scorpion
  1678 | D:2      | Reached skill level 4 in Fighting
  1678 | D:2      | Reached XP level 5. HP: 26/33 MP: 5/5
  1934 | D:2      | Noticed Natasha
  1944 | D:2      | Killed Natasha
  2662 | D:3      | Noticed a black bear
  2675 | D:3      | Killed a black bear
  2676 | D:3      | Reached skill level 5 in Fighting
  2676 | D:3      | Reached skill level 5 in Staves
  2676 | D:3      | Reached XP level 6. HP: 34/40 MP: 6/6
  3722 | D:4      | Found a shadowy altar of Dithmenos.
  3771 | D:4      | Reached XP level 7. HP: 26/44 MP: 7/7
  4497 | D:4      | Found a blossoming altar of Fedhas.
  4817 | D:5      | Entered Level 5 of the Dungeon
  4828 | D:4      | Reached skill level 6 in Fighting
  5254 | D:5      | Noticed Grinder
  5278 | D:5      | Noticed Duvessa
  5301 | D:5      | Killed Duvessa
  5302 | D:5      | Reached XP level 8. HP: 44/52 MP: 8/8
  5304 | D:5      | Noticed Dowan
  5359 | D:5      | Killed Dowan
  5375 | D:5      | Found a radiant altar of Vehumet.
  5384 | D:5      | Killed Grinder
  5385 | D:5      | Reached skill level 7 in Fighting
  5617 | D:5      | Noticed a two-headed ogre
  5655 | D:4      | Killed a two-headed ogre
  5656 | D:4      | Reached skill level 8 in Fighting
  5656 | D:4      | Reached XP level 9. HP: 9/60 MP: 9/9
  5944 | D:5      | Reached skill level 9 in Fighting
  5995 | D:5      | Found a sparkling altar of Nemelex Xobeh.
  5996 | D:5      | Found a basalt altar of Yredelemnul.
  5996 | D:5      | Found an opulent altar of Gozag.
  5997 | D:5      | Found a bloodstained altar of Trog.
  6244 | D:5      | Reached skill level 1 in Axes
  6674 | D:6      | Found an ornate altar of the Wu Jian Council.
  6993 | D:7      | Noticed Maggie
  7036 | D:6      | Slain by a killer bee

Illustrated notes

Levels and vault maps discovered:
D:1:      saegor_arrival_simple_b, layout_loops_ring,
          hellmonk_ecumenical_altar_inner_sanctum
D:2:      layout_basic, uniq_natasha
D:3:      layout_basic
D:4:      layout_basic, fedhas_ov_isle_minmay, nicolae_dithmenos_the_darkroom,
          grunt_ministairs_13
D:5:      layout_basic, chequers_temple_overflow_statue_of_worship,
          vehumet_altar_wand_db, corexii_leaking_fountain, uniq_duvessa,
          uniq_grinder
D:6:      layout_basic, mainiacjoe_overflow_cross_hatched,
          pdpol_wu_jian_five_deadly_venoms
D:7:      layout_cave_pools, minmay_temple_entry_mist, serial_gnoll_camp,
          gnoll_camp_mini_basic, gnoll_camp_medium_01, gnoll_camp_huts_basic,
          gnoll_camp_mini_house, kennysheep_generic_room_8, uniq_maggie

Skill      XL: |  1  2  3  4  5  6  7  8  9 |
---------------+----------------------------+-----
Armour         | 1 2 4 |  4.0
Fighting       | 3 4 5 6 8 9 |  9.6
Staves         | 4 5 6 8 |  8.2
Axes           | 2 |  2.5
Throwing       | |  1.7
Dodging        | |  2.4

Action                   |  1- 3 |  4- 6 |  7- 9 || total
-------------------------+-------+-------+-------++-------
Melee: Quarterstaff      |    80 |   110 |   170 ||   360
       Battleaxe         |       |       |    58 ||    58
Throw: Dart              |       |    10 |    16 ||    26
       Throwing net      |       |       |     4 ||     4
Evoke: Wand              |       |       |     6 ||     6
  Use: Potion            |     1 |       |     2 ||     3
       Scroll            |       |       |     1 ||     1
Armor: Leather armour    |    37 |     8 |       ||    45
       Scale mail        |       |    64 |   144 ||   208
Dodge: Dodged            |    59 |    52 |   153 ||   264

Table legend: (Time is in decaauts)
 A = Elapsed time spent in this place.
 B = Non-inter-level travel time spent in this place.
 C = Inter-level travel time spent in this place.
 D = Time resting spent in this place.
 E = Time spent auto-exploring this place.
 F = Levels seen in this place.
 G = Mean time per level.
                   A        B        C        D        E       F      G
               +--------+--------+--------+--------+--------+-----+--------+
         Total |   7110 |   6864 |    246 |    340 |   5487 |   7 | 1015.7 |
       Dungeon |   7110 |   6864 |    246 |    340 |   5487 |   7 | 1015.7 |
               +--------+--------+--------+--------+--------+-----+--------+

Top non-repeatable levels by time:
     D:4: 1968 daAuts
     D:2: 1548 daAuts
     D:1: 1095 daAuts
     D:5: 1050 daAuts
     D:3: 1001 daAuts
     D:6: 361 daAuts
     D:7: 83 daAuts
